 Dungeon Crawl Stone Soup version 0.28-a0-1444-g6c55d0bc0c (webtiles) character file.

Game seed: 11685995120623153628

343 Essalna the Poker (level 6, 0/49 HPs)
             Began as a Merfolk Gladiator on Jan 10, 2022.
             Succumbed to a scorpion's poison
             ... on level 5 of the Dungeon.
             The game lasted 00:05:10 (2709 turns).

Essalna the Poker (Merfolk Gladiator)               Turns: 2709, Time: 00:05:11

Health: 0/49       AC:  4    Str: 14    XL:     6   Next: 57%
Magic:  6/6        EV: 14    Int: 10    God:
Gold:   137        SH:  0    Dex: 15    Spells: 5/5 levels left

rFire   . . .      SeeInvis .   a - +1 trident
rCold   . . .      Faith    .   (no shield)
rNeg    . . .      Spirit   .   b - +0 leather armour
rPois   .          Reflect  .   c - +0 helmet
rElec   .          Harm     .   (no cloak)
rCorr   .          Rampage  .   (no gloves)
Will    .....                   (no boots)
Stlth   +.........              (no amulet)
HPRegen 0.16/turn               (no ring)
MPRegen 0.10/turn               (no ring)

@: lethally poisoned (0 -> -1)
A: (nimble swimmer 2), mertail
a: no special abilities


You were on level 5 of the Dungeon.
You visited 1 branch of the dungeon, and saw 5 of its levels.

You collected 137 gold pieces.

Inventory:

Hand Weapons
 a - a +1 trident (weapon)
Missiles
 d - 2 throwing nets (quivered)
Armour
 b - a +0 leather armour (worn)
 c - a +0 helmet (worn)
 i - a +0 robe of willpower
Jewellery
 f - an amulet of the acrobat
Scrolls
 e - 3 scrolls of identify


   Skills:
 + Level 4.6 Fighting
 + Level 6.9 Polearms
 - Level 2.0 Throwing
 + Level 6.3 Dodging


You had 5 spell levels left.
You didn't know any spells.
Your spell library contained the following spells:

 Spells                   Type           Power      Damage    Failure   Level
 Corpse Rot               Necr/Air       0%         N/A       58%         2
 Poisonous Vapours        Pois/Air       0%         N/A       58%         2


Dungeon Overview and Level Annotations

Branches:
Dungeon (6/15)
 Temple: D:4-7

Altars:
Okawaru
Yredelemnul

Shops:
D:3 *


Innate Abilities, Weirdness & Mutations

((You are very nimble when in or above water. (Stealth+, EV+, Speed+++)))
Your lower body shifts to a powerful aquatic tail in water.


Message History

The scorpion poisons you!
Reach: a) +1 trident
Press: ? - help, Dir - move target, f/p - scorpion
Aim: a scorpion (heavily wounded, about 36% to evade your +1 trident)
You hit the scorpion.
The scorpion is severely wounded.
You feel sick. The ogre barely misses you. The scorpion closely misses you.
Throw: 3 throwing nets
Press: ? - help, Q - select action Shift-Dir - straight line, f - ogre, p - scorpion
Aim: an ogre, wielding a +0 giant club (76% to hit)
You throw a throwing net. The throwing net hits the ogre.
The ogre is caught in the net!
You feel sick. The scorpion stings you!
* * * LOW HITPOINT WARNING * * *
The ogre struggles against the net.
You aren't carrying any potions.
You aren't carrying any potions.
You aren't carrying any potions.
You aren't carrying any potions.
Blink to where?
Press: ? - help, Dir - move target, p - ogre
Found 14 gold pieces.
As you read the scroll labelled NERAXO VITROCK, it crumbles to dust.
It was a scroll of blinking.
* * * LOW HITPOINT WARNING * * *
You feel sick.
The ogre struggles against the net.
* * * LOW HITPOINT WARNING * * *
You feel sick.
The ogre struggles against the net.
* * * LOW HITPOINT WARNING * * *
You feel sick.
* * * LOW HITPOINT WARNING * * *
You feel sick.
You aren't carrying any potions.
* * * LOW HITPOINT WARNING * * *
You feel sick.
You hear the sound of rushing water.
There is an entrance to a sewer on this level.
Hurry and find it before the portal rusts away!
Welcome back, Essalna the Merfolk Gladiator.
Press ? for a list of commands and other information.
You die...

..# #..### #...# #..#
. #..## #..# ...
#..## #..# #...#
##...## #..#
#....#.....## #..#
#....@.....####..##
#..........s......#
..........$.......ยง#
..........#......O.#
.....#######......##
....# ##.....# ##..
#....## ## #..##.#
#.# ##


You could see a scorpion.

Vanquished Creatures
  Grinder (D:3)
  A scorpion (D:6)
  A killer bee zombie (D:6)
  A mummy (D:6)
  An adder (D:2)
  6 endoplasms
  6 goblins
  5 hobgoblins
  2 jackals (D:1)
  4 quokkas
  5 ball pythons
  3 bats (D:2)
  3 frilled lizards
  3 hobgoblin zombies (D:6)
  4 kobolds (D:1)
  An orc zombie (D:6)
  6 rats
53 creatures vanquished.

Notes
Turn   | Place    | Note
-------+----------+-------------------------------------------
     0 | D:1      | Essalna the Merfolk Gladiator began the quest for the Orb.
     0 | D:1      | Reached XP level 1. HP: 16/16 MP: 1/1
    88 | D:1      | Found a faded altar of an unknown god.
   119 | D:1      | Reached XP level 2. HP: 18/23 MP: 2/2
   849 | D:1      | Reached skill level 5 in Polearms
   849 | D:1      | Reached XP level 3. HP: 24/28 MP: 3/3
  1242 | D:2      | Found an iron altar of Okawaru.
  2038 | D:3      | Noticed Grinder
  2229 | D:3      | Paralysed by Grinder for 3 turns
  2283 | D:3      | Killed Grinder
  2284 | D:3      | Reached XP level 4. HP: 25/37 MP: 4/4
  2284 | D:3      | Reached XP level 5. HP: 28/42 MP: 5/5
  2284 | D:3      | Reached XP level 6. HP: 32/48 MP: 6/6
  2446 | D:3      | Found Uptisuw's Assorted Antiques.
  2498 | D:3      | You fall into a shaft and drop 3 floors!
  2688 | D:6      | Found a basalt altar of Yredelemnul.
  2688 | D:6      | Noticed a steam dragon
  2694 | D:5      | Entered Level 5 of the Dungeon
  2707 | D:5      | HP: 2/49 [poisoned by a scorpion]
  2709 | D:5      | Succumbed to a scorpion's poison

Illustrated notes

Levels and vault maps discovered:
D:1:      scummos_arrival_forest, layout_basic,
          shapermc_ecumenical_altar_acropolis
D:2:      layout_basic, basic_altar
D:3:      layout_loops_ring, mainiacjoe_overflow_chevrons,
          mainiacjoe_overflow_paths, serial_shops, shop, corexii_corridor_pit,
          uniq_ijyb, uniq_crazy_yiuf_cottage, uniq_grinder
D:5:      layout_layer_cave, cheibrodos_sewer_entry_bend,
          ebering_ghost_reflecting_pool, minmay_gold_behind_fungi
D:6:      layout_gridville, mainiacjoe_overflow_alcove_4,
          minmay_temple_entry_purple_smoke, minmay_mini_ossuary

Skill      XL: |  1  2  3 |
---------------+----------+-----
Polearms       | 5 6 |  6.9
Fighting       | 4 |  4.6
Dodging        | 6 |  6.3
Throwing       | |  2.0

Action                   |  1- 3 |  4- 6 || total
-------------------------+-------+-------++-------
Melee: Trident           |   121 |    40 ||   161
Throw: Throwing net      |       |     1 ||     1
  Use: Scroll            |     4 |     3 ||     7
       Potion            |     1 |     1 ||     2
 Stab: Sleeping          |     5 |       ||     5
Armor: Leather armour    |    24 |     3 ||    27
Dodge: Dodged            |    58 |    22 ||    80

Table legend: (Time is in decaauts)
 A = Elapsed time spent in this place.
 B = Non-inter-level travel time spent in this place.
 C = Inter-level travel time spent in this place.
 D = Time resting spent in this place.
 E = Time spent auto-exploring this place.
 F = Levels seen in this place.
 G = Mean time per level.
                   A        B        C        D        E       F      G
               +--------+--------+--------+--------+--------+-----+--------+
         Total |   2728 |   2644 |     84 |      0 |   2220 |   5 |  545.6 |
       Dungeon |   2728 |   2644 |     84 |      0 |   2220 |   5 |  545.6 |
               +--------+--------+--------+--------+--------+-----+--------+

Top non-repeatable levels by time:
     D:1: 1086 daAuts
     D:2: 1006 daAuts
     D:3: 421 daAuts
     D:6: 199 daAuts
     D:5: 14 daAuts
